 Dungeon Crawl Stone Soup version 0.30-a0-737-gf23d94013f (webtiles) character file.

Game seed: 7834380999704834889

331 bande the Chopper (level 6, -1/39 HPs)
             Began as a Gargoyle Fighter on Feb 2, 2023.
             Killed by divine providence
             ... invoked by an orc priest
              (12 damage)
             ... on level 4 of the Dungeon.
             The game lasted 00:05:05 (2734 turns).

bande the Chopper (Gargoyle Fighter)                Turns: 2734, Time: 00:05:05

Health: -1/39      AC: 13    Str: 19    XL:     6   Next: 52%
Magic:  6/6        EV:  7    Int:  9    God:
Gold:   227        SH:  5    Dex: 11    Spells: 5/5 levels left

rFire   . . .      SeeInvis .    a - +0 war axe
rCold   . . .      Faith    .    c - +1 buckler
rNeg    + . .      Spirit   .    q - +0 chain mail
rPois   ∞          Reflect  .    (no helmet)
rElec   +          Harm     .    (no cloak)
rCorr   .          Rampage  .    (no gloves)
Will    .....                    (no boots) Stlth
                                 (no amulet)
HPRegen 0.26/turn                (no ring)
MPRegen 0.10/turn                (no ring)

@: no status effects
A: sickness immunity, AC +4, negative energy resistance 1, electricity
resistance, torment resistance 1, petrification resistance
a: no special abilities


You were on level 4 of the Dungeon.
You visited 1 branch of the dungeon, and saw 4 of its levels.
You also visited: Sewer.

You collected 227 gold pieces.

Inventory:

Hand Weapons
 a - a +0 war axe (weapon)
Armour
 c - a +1 buckler (worn)
 q - a +0 chain mail (worn)
Jewellery
 e - a +6 ring of intelligence
Scrolls
 l - 2 scrolls of teleportation
 n - 3 scrolls of amnesia {unknown}
 o - 2 scrolls of fear {unknown}
 p - a scroll of poison {unknown}
 r - a scroll of acquirement {unknown}
Potions
 b - a potion of attraction {unknown}
 d - 2 potions of might
 f - a potion of magic {unknown}
 g - a potion of resistance {unknown}
 h - a potion of cancellation {unknown}
 i - 5 potions of flight
 j - a potion of brilliance {unknown}
 k - a potion of heal wounds {unknown}
 m - a potion of degeneration {unknown}


   Skills:
 + Level 4.5 Fighting
 + Level 4.6 Axes
 + Level 4.1 Armour
 + Level 4.0 Shields


You had 5 spell levels left.
You didn't know any spells.
Your spell library contained the following spells:

 Spells                   Type           Power      Damage    Failure   Level
 Animate Armour           Summ/Erth      0%         N/A       100%        4
 Blade Hands              Tmut           0%         N/A       100%        5
 Iron Shot                Conj/Erth      0%         9d1       100%        6


Dungeon Overview and Level Annotations

Branches:
Dungeon (4/15)             Temple (0/1) D:4           Sewer (visited)

Altars:


Innate Abilities, Weirdness & Mutations

You are immune to sickness and miasma.
Your stone body is resilient. (AC +4)
You are immune to poison.
You resist negative energy. (rN+)
You are resistant to electric shocks. (rElec)
You are resistant to unholy torment.
You are immune to petrification.


Message History

You block the orc's attack.
The orc priest looks encouraged for a moment.
You are too injured to fight recklessly!
You are too injured to fight recklessly!
You are too injured to fight recklessly!
You are too injured to fight recklessly!
You are too injured to fight recklessly!
You are too injured to fight recklessly!
You are too injured to fight recklessly!
You are too injured to fight recklessly!
You are too injured to fight recklessly!
You barely miss the orc.
The orc is lightly wounded.
You slash the orc priest! The orc hits you but does no damage.
The orc priest hits you with a +0 dagger.
You closely miss the orc.
The orc is lightly wounded.
You hit the orc priest. You closely miss the orc priest.
You block the orc priest's attack. The orc barely misses you.
The orc priest hits you but does no damage.
You hit the orc.
The orc is severely wounded.
You hit the orc priest.
You kill the orc priest!
You hit the orc priest. The orc barely misses you.
The orc priest closely misses you. The orc barely misses you.
The orc priest barely misses you. The orc hits you but does no damage.
You slash the orc!
You kill the orc!
You closely miss the orc.
You hit the orc priest but do no damage.
The orc priest hits you with a +0 flail!
* * * LOW HITPOINT WARNING * * *
The orc closely misses you.
You slash the orc!
You kill the orc!
You barely miss the orc. You slash the orc priest!
The orc priest mumbles some strange prayers to Beogh against you.
Beogh smites you!
You die...

#.# #~#~###~#~#,,* #.#
#~##..#~#~#,,****** #.#
#.#####~#~#,,,,,,,*
######.####~~.~~##~#,*****,*
..........########~#,###**,*
########.#~~~~~.~~##....**,*
#.##########..#*,**,*
#.#.###.##o.[.#*,**,*
#........@)...#,,,*,*
###.###.##o...#,,,,,* #.#
#.#*...#...,*,* #.#
#.#,[.##*,#**,* #.#*#..,.##
**,,,,* #..,###,..***,***,*
****** **###*****..,*,** *,*
,,<,,* *,,,,,,,,*..,,** *,*
****,* *,,,,,,,,***,** *,*


You could see an orc priest and an orc.

Vanquished Creatures
  An orc priest (D:4)
  Terence (D:2)
  A sickly merfolk siren (Sewer)
  A malarious merfolk avatar (Sewer)
  9 adders
  4 river rats
  2 worms
  2 dart slugs
  2 orcs (D:4)
  5 ball pythons
  5 bats
  11 endoplasms
  8 giant cockroaches
  5 goblins
  5 hobgoblins
  7 jackals
  8 kobolds
  2 quokkas
  9 frilled lizards
  33 rats
121 creatures vanquished.

Vanquished Creatures (others)
  A scorpion (D:4)
1 creature vanquished.

Grand Total: 122 creatures vanquished

Notes
Turn   | Place    | Note
-------+----------+-------------------------------------------
     0 | D:1      | bande the Gargoyle Fighter began the quest for the Orb.
     0 | D:1      | Reached XP level 1. HP: 14/14 MP: 1/1
   142 | D:1      | Reached XP level 2. HP: 19/19 MP: 2/2
   330 | D:1      | Reached XP level 3. HP: 23/24 MP: 3/3
   763 | D:2      | Reached XP level 4. HP: 29/29 MP: 4/4
  1134 | D:2      | Noticed Terence
  1156 | D:2      | Killed Terence
  1157 | D:2      | Reached XP level 5. HP: 21/33 MP: 5/5
  2113 | D:4      | Found a glowing drain.
  2117 | Sewer    | Entered a sewer
  2349 | Sewer    | Reached XP level 6. HP: 39/39 MP: 6/6
  2734 | D:4      | Killed from afar by an orc priest

Illustrated notes

Levels and vault maps discovered:
D:1:      psy_arrival_radial02, layout_basic
D:2:      layout_loops_ring, kennysheep_generic_room_12, uniq_terence
D:3:      layout_basic
D:4:      layout_loops_ring, lemuel_temple_firewalk_b, gup_sewer_entry_spiral,
          kennysheep_generic_room_7

Skill      XL: |  1  2  3  4  5  6 |
---------------+-------------------+-----
Axes           | 2 3 4 |  4.6
Fighting       | 4 |  4.5
Armour         | 4 |  4.1
Shields        | 4 |  4.0

Action                     |  1- 3 |  4- 6 || total
---------------------------+-------+-------++-------
  Melee: War axe           |    79 |   272 ||   351
    Use: Scroll            |       |     3 ||     3
 Armour: Scale mail        |    40 |    22 ||    62
         Chain mail        |       |   138 ||   138
  Dodge: Dodged            |    41 |   104 ||   145
  Block: Buckler           |    15 |    79 ||    94

Table legend: (Time is in decaauts)
 A = Elapsed time spent in this place.
 B = Non-inter-level travel time spent in this place.
 C = Inter-level travel time spent in this place.
 D = Time resting spent in this place.
 E = Time spent auto-exploring this place.
 F = Levels seen in this place.
 G = Mean time per level.
                   A        B        C        D        E       F      G
               +--------+--------+--------+--------+--------+-----+--------+
         Total |   2954 |   2827 |    127 |    147 |   1740 |   5 |  590.8 |
       Dungeon |   2357 |   2230 |    127 |    147 |   1437 |   4 |  589.2 |
         Sewer |    596 |    596 |      0 |      0 |    303 |   1 |  596.0 |
               +--------+--------+--------+--------+--------+-----+--------+

Top non-repeatable levels by time:
     D:2: 911 daAuts
     D:1: 610 daAuts
   Sewer: 596 daAuts
     D:3: 542 daAuts
     D:4: 293 daAuts
